Vancouver Canucks vs Minnesota North Stars
Created - Saturday, May 25, 2024 at 07:14
Goals
|
| Vancouver Canucks |
0 |
1 |
0 |
1 |
| Minnesota North Stars |
1 |
0 |
2 |
3 |
|
Shots
|
| Vancouver Canucks |
11 |
7 |
11 |
29 |
| Minnesota North Stars |
20 |
13 |
5 |
38 |
|
1st period
1. Minnesota North Stars , Frank Vatrano 22 (Evgeni Malkin 28) at 11:29
Penalties :
Mikko Rantanen (VAN) for Roughing (Minor) at 4:38, Neal Pionk (MNS) for Holding (Minor) at 19:06
2nd period
2. Vancouver Canucks , Mikko Rantanen 25 (Aleksander Barkov 36, Noah Hanifin 19) at 0:34 (PP)
Penalties :
Jeff Skinner (MNS) for Unsportsmanlike conduct (Minor) at 4:14, Mikko Rantanen (VAN) for Hooking (Minor) at 11:04
3rd period
3. Minnesota North Stars , Ryan Nugent-Hopkins 28 (Jeff Skinner 31, Rasmus Dahlin 32) at 11:51
4. Minnesota North Stars , Jonathan Toews 7 (Evan Rodrigues 12, Rasmus Dahlin 33) at 14:28
Penalties :
Robby Fabbri (VAN) for Tripping (Minor) at 4:04, Robby Fabbri (VAN) for Roughing (Minor) at 12:02, Chad Ruhwedel (VAN) for Hooking (Minor) at 17:43
Goalie Stats
Joonas Korpisalo (VAN), 35 saves from 38 shots - (0.921), L, 22-22-5, 60:00 minutes
Antti Raanta (MNS), 28 saves from 29 shots - (0.966), W, 18-17-2, 60:00 minutes
Players Stats for Vancouver Canucks
Player Name G A P +/- PIM S H SB GA TA FO MP PP MP PK MP
------------------------------------------------------------------------------------
Adam Boqvist 0 0 0 -1 0 1 1 0 0 1 0/0 14:28 0:00 0:56
Aleksander Barkov 0 1 1 -2 0 0 4 0 1 2 12/18 20:24 1:45 4:26
Anton Lundell 0 0 0 0 0 0 0 0 0 0 0/0 9:40 0:01 0:35
Artturi Lehkonen 0 0 0 0 0 4 1 0 1 1 1/2 18:29 1:42 4:46
Casey Mittelstadt 0 0 0 -1 0 6 0 1 0 0 2/3 14:45 1:41 1:44
Chad Ruhwedel 0 0 0 0 2 0 2 1 0 2 0/0 19:59 1:58 5:12
Clayton Keller 0 0 0 -2 0 0 0 0 0 1 1/3 18:42 1:45 3:44
Jacob Bryson 0 0 0 0 0 0 2 2 0 0 0/0 20:14 1:58 4:54
Jake Bean 0 0 0 -2 0 1 1 0 0 1 0/0 15:00 0:00 0:00
Jesperi Kotkaniemi 0 0 0 -1 0 1 2 1 0 1 6/12 14:34 0:00 2:15
Kasperi Kapanen 0 0 0 0 0 1 0 0 1 0 1/2 12:59 0:01 0:00
Mikko Rantanen 1 0 1 -2 4 9 3 1 0 0 1/2 18:16 1:45 2:20
Miro Heiskanen 0 0 0 -1 0 0 1 1 0 0 0/0 25:19 1:29 5:15
Noah Cates 0 0 0 0 0 0 1 0 0 0 1/3 8:15 0:00 0:00
Noah Hanifin 0 1 1 -2 0 1 1 1 0 0 0/0 24:59 1:29 3:33
Robby Fabbri 0 0 0 0 4 0 0 0 0 0 4/10 12:49 0:00 0:00
Sam Lafferty 0 0 0 0 0 0 1 0 0 0 0/0 8:15 0:00 0:00
Taylor Raddysh 0 0 0 -1 0 5 3 0 1 0 0/0 12:53 1:41 0:00
Players Stats for Minnesota North Stars
Player Name G A P +/- PIM S H SB GA TA FO MP PP MP PK MP
------------------------------------------------------------------------------------
Adam Lowry 0 0 0 0 0 0 3 1 0 1 1/1 13:42 0:02 1:46
Brandon Montour 0 0 0 1 0 3 0 0 1 0 0/0 19:34 3:23 0:00
Brock Nelson 0 0 0 1 0 0 1 0 0 0 2/2 16:16 3:44 0:00
Eeli Tolvanen 0 0 0 1 0 1 1 1 0 0 0/2 10:46 0:00 0:00
Evan Rodrigues 0 1 1 1 0 3 0 1 1 0 0/0 10:45 0:00 0:00
Evgeni Malkin 0 1 1 1 0 0 2 0 1 0 4/8 18:05 6:09 0:00
Frank Vatrano 1 0 1 1 0 6 1 0 1 0 0/0 18:13 6:09 0:06
Gustav Forsling 0 0 0 1 0 2 1 0 0 0 0/0 23:16 5:47 1:36
Jack Hughes 0 0 0 0 0 3 1 1 0 0 8/19 16:26 3:46 0:06
Jamie Oleksiak 0 0 0 2 0 1 0 0 0 1 0/0 16:26 0:00 1:41
Jeff Skinner 0 1 1 1 2 1 0 1 0 0 0/0 15:56 3:44 0:00
Jonathan Toews 1 0 1 1 0 2 1 1 0 0 2/7 12:04 0:00 1:35
Neal Pionk 0 0 0 0 2 2 0 0 0 0 0/0 17:39 0:45 1:02
Rasmus Dahlin 0 2 2 2 0 1 3 1 0 1 0/0 20:43 4:08 1:41
Ryan Nugent-Hopkins 1 0 1 1 0 4 1 1 3 0 9/13 19:27 6:09 1:46
Sean Durzi 0 0 0 0 0 3 0 2 1 1 0/0 22:21 5:47 0:54
Viktor Arvidsson 0 0 0 0 0 3 2 0 1 0 0/2 11:56 0:02 0:00
Zach Parise 0 0 0 1 0 3 0 0 0 0 0/1 12:56 0:00 1:35
3 Stars
1 - Rasmus Dahlin (MNS)
2 - Antti Raanta (MNS)
3 - Jonathan Toews (MNS)
Power Play
Vancouver Canucks - 1 on 2 Attempt(s) - 50.00%
Minnesota North Stars - 0 on 5 Attempt(s) - 0.00%
Penalty Kill
Vancouver Canucks - 5 on 5 Attempt(s) - 100.00%
- Score 0 goal in Penalty Kill
Minnesota North Stars - 1 on 2 Attempt(s) - 50.00%
- Score 0 goal in Penalty Kill
Team Stat
Vancouver Canucks - Hits : 23 - Faceoff Wins : 29 - Blocked Shots : 8 - Penalty Minutes : 10
Minnesota North Stars - Hits : 17 - Faceoff Wins : 26 - Blocked Shots : 10 - Penalty Minutes : 4
Official
Referees : Eric Furlatt and TJ Luxmore
Linesman : Bryan Pancich and Tim Nowak
Game Notes
No Game Note
Finance
Level 1 -- Attendance: 4676 (77.93%) -- Ticket Income $467,600
Level 2 -- Attendance: 3806 (76.12%) -- Ticket Income $228,360
Level 3 -- Attendance: 2168 (72.27%) -- Ticket Income $75,880
Level 4 -- Attendance: 3539 (70.78%) -- Ticket Income $88,475
Luxury Box -- Attendance: 693 (69.30%) -- Ticket Income $138,600
Game was played at the Met Center.
Total Attendance: 14882 (74.41%)
Total Ticket Income: $998,915
Other Income: $349,620
Total Income: $1,348,535
Vancouver Canucks
5 vs 5 Forward
Center Left Wing Right Wing Time % Phy DF OF
1 Aleksander Barkov Clayton Keller Mikko Rantanen 30 1 2 2
2 Robby Fabbri Artturi Lehkonen Kasperi Kapanen 30 1 2 2
3 Jesperi Kotkaniemi Casey Mittelstadt Taylor Raddysh 25 1 2 2
4 Noah Cates Anton Lundell Sam Lafferty 15 1 2 2
5 vs 5 Defense
Defense Defense Time % Phy DF OF
1 Adam Boqvist Miro Heiskanen 30 1 2 2
2 Noah Hanifin Jake Bean 30 1 2 2
3 Chad Ruhwedel Jacob Bryson 25 1 2 2
4 Noah Hanifin Miro Heiskanen 15 1 2 2
PowerPlay Forward
Center Left Wing Right Wing Time % Phy DF OF
1 Aleksander Barkov Clayton Keller Mikko Rantanen 50 1 2 2
2 Casey Mittelstadt Artturi Lehkonen Taylor Raddysh 50 1 2 2
PowerPlay Defense
Defense Defense Time % Phy DF OF
1 Noah Hanifin Miro Heiskanen 50 1 2 2
2 Chad Ruhwedel Jacob Bryson 50 1 2 2
Penalty Kill 4 Players Forward
Center Wing Time % Phy DF OF
1 Aleksander Barkov Mikko Rantanen 50 1 2 2
2 Clayton Keller Artturi Lehkonen 50 1 2 2
Penalty Kill 4 Players Defense
Defense Defense Time % Phy DF OF
1 Noah Hanifin Miro Heiskanen 50 1 2 2
2 Chad Ruhwedel Jacob Bryson 50 1 2 2
Penalty Kill - 3 Players Forward
Forward Time % Phy DF OF
1 Aleksander Barkov 50 1 2 2
2 Mikko Rantanen 50 1 2 2
Penalty Kill - 3 Players Defense
Defense Defense Time % Phy DF OF
1 Noah Hanifin Miro Heiskanen 50 1 2 2
2 Chad Ruhwedel Adam Boqvist 50 1 2 2
4 vs 4 Forward
Center Wing Time % Phy DF OF
1 Aleksander Barkov Mikko Rantanen 50 1 2 2
2 Clayton Keller Artturi Lehkonen 50 1 2 2
4 vs 4 Defense
Defense Defense Time % Phy DF OF
1 Noah Hanifin Miro Heiskanen 50 1 2 2
2 Chad Ruhwedel Jacob Bryson 50 1 2 2
Last Minutes Offensive
Center Left Wing Right Wing Defense Defense
Aleksander Barkov Clayton Keller Mikko Rantanen Noah Hanifin Miro Heiskanen
Last Minutes Defensive
Center Left Wing Right Wing Defense Defense
Aleksander Barkov Clayton Keller Mikko Rantanen Noah Hanifin Miro Heiskanen
Goaltenders
Starting : Joonas Korpisalo
Backup : Ville Husso
Extra Forwards
Normal : Taylor Raddysh, Anton Lundell, Jesperi Kotkaniemi - PP : Taylor Raddysh, Anton Lundell - PK : Jesperi Kotkaniemi
Extra Defensemen
Normal : Miro Heiskanen, Jacob Bryson, Chad Ruhwedel - PP : Noah Hanifin - PK : Jacob Bryson, Chad Ruhwedel
Penalty Shots
Aleksander Barkov, Mikko Rantanen, Clayton Keller, Artturi Lehkonen, Casey Mittelstadt
Minnesota North Stars
5 vs 5 Forward
Center Left Wing Right Wing Time % Phy DF OF
1 Ryan Nugent-Hopkins Brock Nelson Jeff Skinner 30 1 2 2
2 Evgeni Malkin Frank Vatrano Zach Parise 29 1 2 2
3 Jack Hughes Viktor Arvidsson Adam Lowry 29 1 2 2
4 Jonathan Toews Evan Rodrigues Eeli Tolvanen 12 1 2 2
5 vs 5 Defense
Defense Defense Time % Phy DF OF
1 Rasmus Dahlin Jamie Oleksiak 34 1 3 1
2 Brandon Montour Gustav Forsling 33 1 3 1
3 Neal Pionk Sean Durzi 33 1 3 1
4 Rasmus Dahlin Brandon Montour 0 1 3 1
PowerPlay Forward
Center Left Wing Right Wing Time % Phy DF OF
1 Jack Hughes Brock Nelson Jeff Skinner 50 1 1 3
2 Evgeni Malkin Ryan Nugent-Hopkins Frank Vatrano 50 1 1 3
PowerPlay Defense
Defense Defense Time % Phy DF OF
1 Rasmus Dahlin Brandon Montour 50 1 2 2
2 Sean Durzi Gustav Forsling 50 1 2 2
Penalty Kill 4 Players Forward
Center Wing Time % Phy DF OF
1 Jonathan Toews Zach Parise 50 2 2 1
2 Adam Lowry Ryan Nugent-Hopkins 50 2 2 1
Penalty Kill 4 Players Defense
Defense Defense Time % Phy DF OF
1 Rasmus Dahlin Jamie Oleksiak 50 2 2 1
2 Neal Pionk Gustav Forsling 50 2 2 1
Penalty Kill - 3 Players Forward
Forward Time % Phy DF OF
1 Ryan Nugent-Hopkins 50 1 3 1
2 Evgeni Malkin 50 1 3 1
Penalty Kill - 3 Players Defense
Defense Defense Time % Phy DF OF
1 Rasmus Dahlin Jamie Oleksiak 50 2 2 1
2 Neal Pionk Gustav Forsling 50 2 2 1
4 vs 4 Forward
Center Wing Time % Phy DF OF
1 Ryan Nugent-Hopkins Evgeni Malkin 50 1 2 2
2 Jack Hughes Jeff Skinner 50 1 2 2
4 vs 4 Defense
Defense Defense Time % Phy DF OF
1 Rasmus Dahlin Jamie Oleksiak 50 1 2 2
2 Brandon Montour Gustav Forsling 50 1 2 2
Last Minutes Offensive
Center Left Wing Right Wing Defense Defense
Ryan Nugent-Hopkins Brock Nelson Jeff Skinner Rasmus Dahlin Brandon Montour
Last Minutes Defensive
Center Left Wing Right Wing Defense Defense
Adam Lowry Ryan Nugent-Hopkins Zach Parise Rasmus Dahlin Jamie Oleksiak
Goaltenders
Starting : Antti Raanta
Backup : Stuart Skinner
Extra Forwards
Normal : Adam Lowry, Viktor Arvidsson, Jack Hughes - PP : Adam Lowry, Viktor Arvidsson - PK : Jack Hughes
Extra Defensemen
Normal : Neal Pionk, Sean Durzi, Jamie Oleksiak - PP : Neal Pionk - PK : Sean Durzi, Jamie Oleksiak
Penalty Shots
Ryan Nugent-Hopkins, Evgeni Malkin, Brock Nelson, Jeff Skinner, Jack Hughes
% Time on Ice - Vancouver Canucks
Lines # - Real PCT - Wanted PCT - Time Play
Normal Forward
1 - 31% - 30% - 14:30
2 - 28% - 30% - 12:58
3 - 23% - 25% - 10:55
4 - 18% - 15% - 8:15
Normal Defense
1 - 30% - 30% - 14:11
2 - 33% - 30% - 15:29
3 - 25% - 25% - 11:48
4 - 11% - 15% - 5:10
PP Forward
1 - 51% - 50% - 1:45
2 - 49% - 50% - 1:42
PP Defense
1 - 43% - 50% - 1:29
2 - 57% - 50% - 1:58
PK Forward
1 - 49% - 50% - 4:52
2 - 51% - 50% - 5:03
PK Defense
1 - 45% - 50% - 4:29
2 - 55% - 50% - 5:26
PK3 Forward
1 - 0% - 50%
2 - 0% - 50%
PK3 Defense
1 - 0% - 50%
2 - 0% - 50%
44 Forward
1 - 0% - 50%
2 - 0% - 50%
44 Defense
1 - 0% - 50%
2 - 0% - 50%
Last Minute Offensive - 0:00
Last Minute Defensive - 0:00
Total
Forward - 60:00
Defense - 60:00
|
% Time on Ice - Minnesota North Stars
Lines # - Real PCT - Wanted PCT - Time Play
Normal Forward
1 - 27% - 30% - 12:30
2 - 26% - 29% - 11:56
3 - 25% - 29% - 11:37
4 - 23% - 12% - 10:35
Normal Defense
1 - 32% - 34% - 14:45
2 - 34% - 33% - 15:53
3 - 31% - 33% - 14:24
4 - 3% - 0% - 1:36
PP Forward
1 - 38% - 50% - 3:46
2 - 62% - 50% - 6:09
PP Defense
1 - 42% - 50% - 4:08
2 - 58% - 50% - 5:47
PK Forward
1 - 49% - 50% - 1:41
2 - 51% - 50% - 1:46
PK Defense
1 - 49% - 50% - 1:41
2 - 51% - 50% - 1:46
PK3 Forward
1 - 0% - 50%
2 - 0% - 50%
PK3 Defense
1 - 0% - 50%
2 - 0% - 50%
44 Forward
1 - 0% - 50%
2 - 0% - 50%
44 Defense
1 - 0% - 50%
2 - 0% - 50%
Last Minute Offensive - 0:00
Last Minute Defensive - 0:00
Total
Forward - 60:00
Defense - 60:00
|
Play-by-Play
1st period
0:01 of 1st period - Aleksander Barkov wins face-off versus Ryan Nugent-Hopkins in neutral zone.
0:36 of 1st period - Snap shot by Frank Vatrano.
0:36 of 1st period - Shot Misses the Net.
0:38 of 1st period - Slapshot by Zach Parise.
0:38 of 1st period - Stopped by Joonas Korpisalo with a rebound.
0:40 of 1st period - Snap shot by Zach Parise.
0:40 of 1st period - Stopped by Joonas Korpisalo with a rebound.
0:50 of 1st period - Wrist shot by Jack Hughes.
0:50 of 1st period - Stopped by Joonas Korpisalo without a rebound.
0:51 of 1st period - Jack Hughes wins face-off versus Jesperi Kotkaniemi in Vancouver Canucks zone.
0:52 of 1st period - Snap shot by Viktor Arvidsson.
0:52 of 1st period - Shot Blocked by Casey Mittelstadt.
0:54 of 1st period - Slapshot by Gustav Forsling.
0:54 of 1st period - Deflect By Noah Hanifin.
0:54 of 1st period - Stopped by Joonas Korpisalo with a rebound.
0:56 of 1st period - Snap shot by Gustav Forsling.
0:56 of 1st period - Stopped by Joonas Korpisalo with a rebound.
0:58 of 1st period - Snap shot by Brandon Montour.
0:58 of 1st period - Stopped by Joonas Korpisalo without a rebound.
0:59 of 1st period - Noah Cates wins face-off versus Eeli Tolvanen in Vancouver Canucks zone.
1:04 of 1st period - Wrist shot by Sam Lafferty.
1:04 of 1st period - Shot Misses the Net.
1:11 of 1st period - Off-side.
1:12 of 1st period - Adam Lowry wins face-off versus Jesperi Kotkaniemi in neutral zone.
1:21 of 1st period - Snap shot by Jack Hughes.
1:21 of 1st period - Stopped by Joonas Korpisalo with a rebound.
1:27 of 1st period - Snap shot by Casey Mittelstadt.
1:27 of 1st period - Deflect By Taylor Raddysh.
1:27 of 1st period - Shot Blocked by Adam Lowry.
1:27 of 1st period - Puck is out of play.
1:28 of 1st period - Aleksander Barkov wins face-off versus Evgeni Malkin in Minnesota North Stars zone.
3:03 of 1st period - Wrist shot by Jesperi Kotkaniemi.
3:03 of 1st period - Shot Misses the Net.
3:05 of 1st period - Slapshot by Noah Hanifin.
3:05 of 1st period - Deflect By Casey Mittelstadt.
3:05 of 1st period - Stopped by Antti Raanta without a rebound.
3:06 of 1st period - Aleksander Barkov wins face-off versus Ryan Nugent-Hopkins in Minnesota North Stars zone.
3:07 of 1st period - Slapshot by Mikko Rantanen.
3:07 of 1st period - Stopped by Antti Raanta without a rebound.
3:08 of 1st period - Ryan Nugent-Hopkins wins face-off versus Clayton Keller in Minnesota North Stars zone.
3:12 of 1st period - Off-side.
3:13 of 1st period - Ryan Nugent-Hopkins wins face-off versus Aleksander Barkov in neutral zone.
3:18 of 1st period - Brock Nelson is hit by Aleksander Barkov and loses puck.
3:23 of 1st period - Snap shot by Mikko Rantanen.
3:23 of 1st period - Stopped by Antti Raanta without a rebound.
3:24 of 1st period - Jesperi Kotkaniemi wins face-off versus Jack Hughes in Minnesota North Stars zone.
3:35 of 1st period - Wrist shot by Viktor Arvidsson.
3:35 of 1st period - Shot Misses the Net.
3:37 of 1st period - Snap shot by Jack Hughes.
3:37 of 1st period - Shot Misses the Net.
3:39 of 1st period - Slapshot by Jamie Oleksiak.
3:39 of 1st period - Stopped by Joonas Korpisalo with a rebound.
3:41 of 1st period - Slapshot by Rasmus Dahlin.
3:41 of 1st period - Stopped by Joonas Korpisalo with a rebound.
3:51 of 1st period - Rasmus Dahlin is hit by Jacob Bryson.
3:57 of 1st period - Wrist shot by Artturi Lehkonen.
3:57 of 1st period - Shot Misses the Net.
3:59 of 1st period - Snap shot by Noah Hanifin.
3:59 of 1st period - Stopped by Antti Raanta with a rebound.
4:01 of 1st period - Slapshot by Noah Hanifin.
4:01 of 1st period - Shot Blocked by Rasmus Dahlin.
4:17 of 1st period - Snap shot by Ryan Nugent-Hopkins.
4:17 of 1st period - Stopped by Joonas Korpisalo without a rebound.
4:18 of 1st period - Ryan Nugent-Hopkins wins face-off versus Noah Cates in Vancouver Canucks zone.
4:19 of 1st period - Wrist shot by Jeff Skinner.
4:19 of 1st period - Stopped by Joonas Korpisalo with a rebound.
4:31 of 1st period - Snap shot by Ryan Nugent-Hopkins.
4:31 of 1st period - Shot Misses the Net.
4:33 of 1st period - Slapshot by Neal Pionk.
4:33 of 1st period - Stopped by Joonas Korpisalo with a rebound.
4:35 of 1st period - Slapshot by Sean Durzi.
4:35 of 1st period - Stopped by Joonas Korpisalo without a rebound.
4:36 of 1st period - Aleksander Barkov wins face-off versus Jack Hughes in Vancouver Canucks zone.
4:38 of 1st period - Minor Penalty to Mikko Rantanen for Roughing.
4:39 of 1st period - Aleksander Barkov wins face-off versus Jack Hughes in Vancouver Canucks zone.
5:12 of 1st period - Snap shot by Ryan Nugent-Hopkins.
5:12 of 1st period - Stopped by Joonas Korpisalo without a rebound.
5:13 of 1st period - Aleksander Barkov wins face-off versus Evgeni Malkin in Vancouver Canucks zone.
5:13 of 1st period - Aleksander Barkov is hit by Frank Vatrano.
6:38 of 1st period - Penalty to Mikko Rantanen is over, Mikko Rantanen is back on ice.
7:03 of 1st period - Gustav Forsling is hit by Noah Cates and loses puck.
7:09 of 1st period - Icing by Jonathan Toews.
7:10 of 1st period - Artturi Lehkonen wins face-off versus Jonathan Toews in Minnesota North Stars zone.
7:26 of 1st period - Jonathan Toews is hit by Jake Bean and loses puck.
7:46 of 1st period - Off-side.
7:47 of 1st period - Jack Hughes wins face-off versus Aleksander Barkov in neutral zone.
8:36 of 1st period - Kasperi Kapanen is hit by Ryan Nugent-Hopkins and loses puck.
9:17 of 1st period - Gustav Forsling is hit by Mikko Rantanen and loses puck.
9:46 of 1st period - Wrist shot by Casey Mittelstadt.
9:46 of 1st period - Shot Misses the Net.
10:14 of 1st period - Icing by Jacob Bryson.
10:15 of 1st period - Jack Hughes wins face-off versus Noah Cates in Vancouver Canucks zone.
10:20 of 1st period - Snap shot by Viktor Arvidsson.
10:20 of 1st period - Stopped by Joonas Korpisalo with a rebound.
10:22 of 1st period - Slapshot by Sean Durzi.
10:22 of 1st period - Stopped by Joonas Korpisalo without a rebound.
10:23 of 1st period - Aleksander Barkov wins face-off versus Evgeni Malkin in Vancouver Canucks zone.
10:34 of 1st period - Jake Bean is hit by Evgeni Malkin and loses puck.
11:09 of 1st period - Slapshot by Clayton Keller.
11:09 of 1st period - Deflect By Mikko Rantanen.
11:09 of 1st period - Stopped by Antti Raanta with a rebound.
11:29 of 1st period - Wrist shot by Frank Vatrano.
11:29 of 1st period - Goal by Frank Vatrano - Vancouver Canucks : 0 - Minnesota North Stars : 1.
11:30 of 1st period - Robby Fabbri wins face-off versus Jack Hughes in neutral zone.
11:33 of 1st period - Neal Pionk is hit by Adam Boqvist and loses puck.
12:09 of 1st period - Snap shot by Casey Mittelstadt.
12:09 of 1st period - Stopped by Antti Raanta with a rebound.
12:27 of 1st period - Slapshot by Jonathan Toews.
12:27 of 1st period - Deflect By Evan Rodrigues.
12:27 of 1st period - Stopped by Joonas Korpisalo without a rebound.
12:28 of 1st period - Jesperi Kotkaniemi wins face-off versus Viktor Arvidsson in Vancouver Canucks zone.
12:39 of 1st period - Wrist shot by Viktor Arvidsson.
12:39 of 1st period - Stopped by Joonas Korpisalo with a rebound.
13:16 of 1st period - Wrist shot by Mikko Rantanen.
13:16 of 1st period - Stopped by Antti Raanta without a rebound.
13:17 of 1st period - Jesperi Kotkaniemi wins face-off versus Zach Parise in Minnesota North Stars zone.
13:18 of 1st period - Wrist shot by Casey Mittelstadt.
13:18 of 1st period - Stopped by Antti Raanta with a rebound.
13:20 of 1st period - Slapshot by Adam Boqvist.
13:20 of 1st period - Deflect By Evgeni Malkin.
13:20 of 1st period - Stopped by Antti Raanta with a rebound.
13:45 of 1st period - Icing by Frank Vatrano.
13:46 of 1st period - Mikko Rantanen wins face-off versus Evgeni Malkin in Minnesota North Stars zone.
14:13 of 1st period - Neal Pionk is hit by Jesperi Kotkaniemi and loses puck.
14:47 of 1st period - Snap shot by Frank Vatrano.
14:47 of 1st period - Stopped by Joonas Korpisalo without a rebound.
14:48 of 1st period - Jack Hughes wins face-off versus Robby Fabbri in Vancouver Canucks zone.
15:15 of 1st period - Rasmus Dahlin is hit by Aleksander Barkov and loses puck.
15:21 of 1st period - Off-side.
15:22 of 1st period - Clayton Keller wins face-off versus Ryan Nugent-Hopkins in neutral zone.
15:37 of 1st period - Snap shot by Mikko Rantanen.
15:37 of 1st period - Stopped by Antti Raanta with a rebound.
16:42 of 1st period - Sean Durzi is hit by Taylor Raddysh and loses puck.
16:59 of 1st period - Neal Pionk is hit by Artturi Lehkonen and loses puck.
18:00 of 1st period - Anton Lundell is hit by Rasmus Dahlin and loses puck.
18:29 of 1st period - Wrist shot by Artturi Lehkonen.
18:29 of 1st period - Stopped by Antti Raanta without a rebound.
18:30 of 1st period - Jack Hughes wins face-off versus Jesperi Kotkaniemi in Minnesota North Stars zone.
19:04 of 1st period - Snap shot by Kasperi Kapanen.
19:04 of 1st period - Shot Misses the Net.
19:06 of 1st period - Minor Penalty to Neal Pionk for Holding.
19:07 of 1st period - Jonathan Toews wins face-off versus Aleksander Barkov in Minnesota North Stars zone.
19:07 of 1st period - Jonathan Toews is hit by Aleksander Barkov.
Goals for this period are 0 for Vancouver Canucks vs 1 for Minnesota North Stars.
Shots for this period are 11 for Vancouver Canucks vs 20 for Minnesota North Stars.
2nd period
0:01 of 2nd period - Casey Mittelstadt wins face-off versus Jonathan Toews in neutral zone.
0:04 of 2nd period - Gustav Forsling is hit by Taylor Raddysh and loses puck.
0:32 of 2nd period - Snap shot by Aleksander Barkov.
0:32 of 2nd period - Shot Blocked by Sean Durzi.
0:34 of 2nd period - Snap shot by Mikko Rantanen.
0:34 of 2nd period - Goal by Mikko Rantanen - Vancouver Canucks : 1 - Minnesota North Stars : 1.
0:35 of 2nd period - Robby Fabbri wins face-off versus Jack Hughes in neutral zone.
2:58 of 2nd period - Zach Parise is hit by Sam Lafferty and loses puck.
3:13 of 2nd period - Jonathan Toews is hit by Chad Ruhwedel and loses puck.
3:32 of 2nd period - Kasperi Kapanen is hit by Adam Lowry and loses puck.
3:45 of 2nd period - Adam Boqvist is hit by Gustav Forsling and loses puck.
4:14 of 2nd period - Minor Penalty to Jeff Skinner for Unsportsmanlike conduct.
4:15 of 2nd period - Casey Mittelstadt wins face-off versus Jonathan Toews in Minnesota North Stars zone.
4:18 of 2nd period - Snap shot by Artturi Lehkonen.
4:18 of 2nd period - Stopped by Antti Raanta with a rebound.
4:20 of 2nd period - Slapshot by Chad Ruhwedel.
4:20 of 2nd period - Deflect By Casey Mittelstadt.
4:20 of 2nd period - Deflect By Zach Parise.
4:20 of 2nd period - Stopped by Antti Raanta with a rebound.
4:22 of 2nd period - Slapshot by Jacob Bryson.
4:22 of 2nd period - Shot Blocked by Jonathan Toews.
5:17 of 2nd period - Slapshot by Rasmus Dahlin.
5:17 of 2nd period - Shot Blocked by Jacob Bryson.
6:14 of 2nd period - Penalty to Jeff Skinner is over, Jeff Skinner is back on ice.
6:34 of 2nd period - Miro Heiskanen is hit by Adam Lowry and loses puck.
6:51 of 2nd period - Snap shot by Evan Rodrigues.
6:51 of 2nd period - Stopped by Joonas Korpisalo without a rebound.
6:52 of 2nd period - Robby Fabbri wins face-off versus Jonathan Toews in Vancouver Canucks zone.
6:59 of 2nd period - Jonathan Toews is hit by Jesperi Kotkaniemi and loses puck.
7:08 of 2nd period - Adam Boqvist is hit by Jonathan Toews and loses puck.
7:13 of 2nd period - Snap shot by Jonathan Toews.
7:13 of 2nd period - Shot Misses the Net.
7:15 of 2nd period - Slapshot by Rasmus Dahlin.
7:15 of 2nd period - Shot Misses the Net.
7:43 of 2nd period - Snap shot by Jonathan Toews.
7:43 of 2nd period - Deflect By Evan Rodrigues.
7:43 of 2nd period - Shot Blocked by Jesperi Kotkaniemi.
7:43 of 2nd period - Puck is out of play.
7:44 of 2nd period - Aleksander Barkov wins face-off versus Jack Hughes in Vancouver Canucks zone.
7:48 of 2nd period - Off-side.
7:49 of 2nd period - Aleksander Barkov wins face-off versus Jack Hughes in neutral zone.
7:54 of 2nd period - Snap shot by Aleksander Barkov.
7:54 of 2nd period - Shot Blocked by Sean Durzi.
7:56 of 2nd period - Slapshot by Mikko Rantanen.
7:56 of 2nd period - Stopped by Antti Raanta without a rebound.
7:57 of 2nd period - Jack Hughes wins face-off versus Aleksander Barkov in Minnesota North Stars zone.
7:57 of 2nd period - Jack Hughes is hit by Aleksander Barkov.
9:09 of 2nd period - Snap shot by Sam Lafferty.
9:09 of 2nd period - Shot Misses the Net.
9:39 of 2nd period - Snap shot by Jack Hughes.
9:39 of 2nd period - Stopped by Joonas Korpisalo without a rebound.
9:40 of 2nd period - Ryan Nugent-Hopkins wins face-off versus Jesperi Kotkaniemi in Vancouver Canucks zone.
9:47 of 2nd period - Slapshot by Ryan Nugent-Hopkins.
9:47 of 2nd period - Shot Misses the Net.
10:07 of 2nd period - Viktor Arvidsson is hit by Mikko Rantanen and loses puck.
10:38 of 2nd period - Slapshot by Eeli Tolvanen.
10:38 of 2nd period - Stopped by Joonas Korpisalo with a rebound.
10:40 of 2nd period - Wrist shot by Jonathan Toews.
10:40 of 2nd period - Stopped by Joonas Korpisalo without a rebound.
10:41 of 2nd period - Ryan Nugent-Hopkins wins face-off versus Jesperi Kotkaniemi in Vancouver Canucks zone.
11:04 of 2nd period - Minor Penalty to Mikko Rantanen for Hooking.
11:05 of 2nd period - Jack Hughes wins face-off versus Clayton Keller in Vancouver Canucks zone.
12:52 of 2nd period - Slapshot by Ryan Nugent-Hopkins.
12:52 of 2nd period - Shot Blocked by Chad Ruhwedel.
12:54 of 2nd period - Slapshot by Gustav Forsling.
12:54 of 2nd period - Shot Blocked by Jacob Bryson.
13:00 of 2nd period - Snap shot by Ryan Nugent-Hopkins.
13:00 of 2nd period - Shot Misses the Net.
13:04 of 2nd period - Penalty to Mikko Rantanen is over, Mikko Rantanen is back on ice.
13:16 of 2nd period - Snap shot by Mikko Rantanen.
13:16 of 2nd period - Shot Misses the Net.
13:25 of 2nd period - Icing by Aleksander Barkov.
13:26 of 2nd period - Aleksander Barkov wins face-off versus Viktor Arvidsson in Vancouver Canucks zone.
15:50 of 2nd period - Icing by Evan Rodrigues.
15:51 of 2nd period - Jesperi Kotkaniemi wins face-off versus Eeli Tolvanen in Minnesota North Stars zone.
15:56 of 2nd period - Snap shot by Taylor Raddysh.
15:56 of 2nd period - Stopped by Antti Raanta with a rebound.
15:58 of 2nd period - Wrist shot by Taylor Raddysh.
15:58 of 2nd period - Shot Hit the Post.
16:04 of 2nd period - Wrist shot by Taylor Raddysh.
16:04 of 2nd period - Stopped by Antti Raanta without a rebound.
16:05 of 2nd period - Robby Fabbri wins face-off versus Jack Hughes in Minnesota North Stars zone.
16:06 of 2nd period - Wrist shot by Artturi Lehkonen.
16:06 of 2nd period - Shot Blocked by Jack Hughes.
16:16 of 2nd period - Backhand shot by Viktor Arvidsson.
16:16 of 2nd period - Stopped by Joonas Korpisalo with a rebound.
16:30 of 2nd period - Snap shot by Ryan Nugent-Hopkins.
16:30 of 2nd period - Shot Blocked by Miro Heiskanen.
16:32 of 2nd period - Wrist shot by Brock Nelson.
16:32 of 2nd period - Shot Misses the Net.
16:34 of 2nd period - Wrist shot by Brock Nelson.
16:34 of 2nd period - Shot Misses the Net.
17:40 of 2nd period - Snap shot by Frank Vatrano.
17:40 of 2nd period - Stopped by Joonas Korpisalo with a rebound.
17:42 of 2nd period - Snap shot by Frank Vatrano.
17:42 of 2nd period - Stopped by Joonas Korpisalo with a rebound.
17:44 of 2nd period - Slapshot by Sean Durzi.
17:44 of 2nd period - Shot Misses the Net.
17:48 of 2nd period - Snap shot by Frank Vatrano.
17:48 of 2nd period - Stopped by Joonas Korpisalo with a rebound.
17:50 of 2nd period - Snap shot by Neal Pionk.
17:50 of 2nd period - Stopped by Joonas Korpisalo with a rebound.
17:52 of 2nd period - Wrist shot by Zach Parise.
17:52 of 2nd period - Stopped by Joonas Korpisalo with a rebound.
18:12 of 2nd period - Snap shot by Zach Parise.
18:12 of 2nd period - Shot Blocked by Mikko Rantanen.
18:14 of 2nd period - Slapshot by Sean Durzi.
18:14 of 2nd period - Stopped by Joonas Korpisalo with a rebound.
18:36 of 2nd period - Wrist shot by Frank Vatrano.
18:36 of 2nd period - Stopped by Joonas Korpisalo without a rebound.
18:37 of 2nd period - Brock Nelson wins face-off versus Robby Fabbri in Vancouver Canucks zone.
18:52 of 2nd period - Snap shot by Kasperi Kapanen.
18:52 of 2nd period - Stopped by Antti Raanta with a rebound.
19:02 of 2nd period - Jesperi Kotkaniemi is hit by Viktor Arvidsson.
19:32 of 2nd period - Backhand shot by Evan Rodrigues.
19:32 of 2nd period - Stopped by Joonas Korpisalo without a rebound.
19:33 of 2nd period - Ryan Nugent-Hopkins wins face-off versus Artturi Lehkonen in Vancouver Canucks zone.
Goals for this period are 1 for Vancouver Canucks vs 0 for Minnesota North Stars.
Shots for this period are 7 for Vancouver Canucks vs 13 for Minnesota North Stars.
3rd period
0:01 of 3rd period - Ryan Nugent-Hopkins wins face-off versus Kasperi Kapanen in neutral zone.
1:09 of 3rd period - Evgeni Malkin is hit by Noah Hanifin and loses puck.
1:24 of 3rd period - Snap shot by Artturi Lehkonen.
1:24 of 3rd period - Stopped by Antti Raanta with a rebound.
1:26 of 3rd period - Snap shot by Robby Fabbri.
1:26 of 3rd period - Shot Misses the Net.
1:28 of 3rd period - Slapshot by Miro Heiskanen.
1:28 of 3rd period - Shot Blocked by Ryan Nugent-Hopkins.
1:30 of 3rd period - Wrist shot by Robby Fabbri.
1:30 of 3rd period - Shot Blocked by Jeff Skinner.
1:46 of 3rd period - Slapshot by Brandon Montour.
1:46 of 3rd period - Stopped by Joonas Korpisalo without a rebound.
1:47 of 3rd period - Jonathan Toews wins face-off versus Aleksander Barkov in Vancouver Canucks zone.
3:03 of 3rd period - Snap shot by Clayton Keller.
3:03 of 3rd period - Shot Blocked by Eeli Tolvanen.
3:05 of 3rd period - Slapshot by Clayton Keller.
3:05 of 3rd period - Shot Misses the Net.
3:39 of 3rd period - Jonathan Toews is hit by Mikko Rantanen and loses puck.
3:51 of 3rd period - Wrist shot by Mikko Rantanen.
3:51 of 3rd period - Stopped by Antti Raanta with a rebound.
3:53 of 3rd period - Slapshot by Jake Bean.
3:53 of 3rd period - Stopped by Antti Raanta with a rebound.
3:55 of 3rd period - Slapshot by Jake Bean.
3:55 of 3rd period - Deflect By Clayton Keller.
3:55 of 3rd period - Shot Misses the Net.
3:55 of 3rd period - Puck is out of play.
3:56 of 3rd period - Ryan Nugent-Hopkins wins face-off versus Robby Fabbri in Minnesota North Stars zone.
3:56 of 3rd period - Jeff Skinner is hit by Chad Ruhwedel and loses puck.
4:04 of 3rd period - Minor Penalty to Robby Fabbri for Tripping.
4:05 of 3rd period - Jesperi Kotkaniemi wins face-off versus Jack Hughes in Vancouver Canucks zone.
4:14 of 3rd period - Snap shot by Brock Nelson.
4:14 of 3rd period - Shot Misses the Net.
4:16 of 3rd period - Slapshot by Brandon Montour.
4:16 of 3rd period - Stopped by Joonas Korpisalo with a rebound.
4:18 of 3rd period - Slapshot by Rasmus Dahlin.
4:18 of 3rd period - Shot Misses the Net.
4:32 of 3rd period - Chad Ruhwedel is hit by Rasmus Dahlin and loses puck.
4:42 of 3rd period - Icing by Evgeni Malkin.
4:43 of 3rd period - Evgeni Malkin wins face-off versus Casey Mittelstadt in Minnesota North Stars zone.
5:30 of 3rd period - Anton Lundell is hit by Evgeni Malkin and loses puck.
6:04 of 3rd period - Penalty to Robby Fabbri is over, Robby Fabbri is back on ice.
6:32 of 3rd period - Noah Hanifin is hit by Jack Hughes and loses puck.
6:47 of 3rd period - Snap shot by Noah Hanifin.
6:47 of 3rd period - Shot Blocked by Evan Rodrigues.
7:05 of 3rd period - Robby Fabbri is hit by Adam Lowry and loses puck.
7:19 of 3rd period - Off-side.
7:20 of 3rd period - Jack Hughes wins face-off versus Aleksander Barkov in neutral zone.
7:46 of 3rd period - Casey Mittelstadt is hit by Eeli Tolvanen.
8:02 of 3rd period - Kasperi Kapanen is hit by Viktor Arvidsson and loses puck.
8:39 of 3rd period - Jacob Bryson is hit by Brock Nelson and loses puck.
9:54 of 3rd period - Adam Lowry is hit by Miro Heiskanen and loses puck.
9:59 of 3rd period - Wrist shot by Artturi Lehkonen.
9:59 of 3rd period - Stopped by Antti Raanta without a rebound.
10:00 of 3rd period - Evgeni Malkin wins face-off versus Jesperi Kotkaniemi in Minnesota North Stars zone.
10:13 of 3rd period - Wrist shot by Casey Mittelstadt.
10:13 of 3rd period - Stopped by Antti Raanta with a rebound.
10:15 of 3rd period - Snap shot by Jesperi Kotkaniemi.
10:15 of 3rd period - Stopped by Antti Raanta with a rebound.
10:25 of 3rd period - Snap shot by Mikko Rantanen.
10:25 of 3rd period - Stopped by Antti Raanta with a rebound.
11:08 of 3rd period - Slapshot by Rasmus Dahlin.
11:08 of 3rd period - Shot Blocked by Noah Hanifin.
11:51 of 3rd period - Slapshot by Ryan Nugent-Hopkins.
11:51 of 3rd period - Goal by Ryan Nugent-Hopkins - Vancouver Canucks : 1 - Minnesota North Stars : 2.
11:52 of 3rd period - Brock Nelson wins face-off versus Robby Fabbri in neutral zone.
11:59 of 3rd period - Snap shot by Ryan Nugent-Hopkins.
11:59 of 3rd period - Stopped by Joonas Korpisalo without a rebound.
12:00 of 3rd period - Kasperi Kapanen wins face-off versus Ryan Nugent-Hopkins in Vancouver Canucks zone.
12:02 of 3rd period - Minor Penalty to Robby Fabbri for Roughing.
12:03 of 3rd period - Aleksander Barkov wins face-off versus Jack Hughes in Vancouver Canucks zone.
12:07 of 3rd period - Snap shot by Miro Heiskanen.
12:07 of 3rd period - Shot Misses the Net.
12:13 of 3rd period - Noah Hanifin is hit by Rasmus Dahlin and loses puck.
14:02 of 3rd period - Penalty to Robby Fabbri is over, Robby Fabbri is back on ice.
14:16 of 3rd period - Slapshot by Taylor Raddysh.
14:16 of 3rd period - Stopped by Antti Raanta with a rebound.
14:18 of 3rd period - Wrist shot by Taylor Raddysh.
14:18 of 3rd period - Stopped by Antti Raanta without a rebound.
14:19 of 3rd period - Jesperi Kotkaniemi wins face-off versus Jonathan Toews in Minnesota North Stars zone.
14:20 of 3rd period - Snap shot by Casey Mittelstadt.
14:20 of 3rd period - Stopped by Antti Raanta with a rebound.
14:28 of 3rd period - Slapshot by Jonathan Toews.
14:28 of 3rd period - Goal by Jonathan Toews - Vancouver Canucks : 1 - Minnesota North Stars : 3.
14:29 of 3rd period - Ryan Nugent-Hopkins wins face-off versus Robby Fabbri in neutral zone.
14:52 of 3rd period - Jack Hughes is hit by Taylor Raddysh and loses puck.
14:57 of 3rd period - Snap shot by Casey Mittelstadt.
14:57 of 3rd period - Shot Misses the Net.
14:59 of 3rd period - Slapshot by Miro Heiskanen.
14:59 of 3rd period - Deflect By Taylor Raddysh.
14:59 of 3rd period - Stopped by Antti Raanta without a rebound.
15:00 of 3rd period - Evgeni Malkin wins face-off versus Robby Fabbri in Minnesota North Stars zone.
16:08 of 3rd period - Icing by Brandon Montour.
16:09 of 3rd period - Evgeni Malkin wins face-off versus Mikko Rantanen in Minnesota North Stars zone.
17:12 of 3rd period - Jeff Skinner is hit by Jacob Bryson and loses puck.
17:43 of 3rd period - Minor Penalty to Chad Ruhwedel for Hooking.
17:44 of 3rd period - Aleksander Barkov wins face-off versus Jack Hughes in Vancouver Canucks zone.
19:43 of 3rd period - Penalty to Chad Ruhwedel is over, Chad Ruhwedel is back on ice.
Goals for this period are 0 for Vancouver Canucks vs 2 for Minnesota North Stars.
Shots for this period are 11 for Vancouver Canucks vs 5 for Minnesota North Stars.
Back to the Top